 Dungeon Crawl Stone Soup version 0.31-a0-426-g3a05650e59 (webtiles) character file.

Game seed: 8545973357834748619

24 hashsling the Slasher (level 3, 19/31 HPs)
             Began as a Barachi Berserker on July 30, 2023.
             Was a Follower of Trog.
             Quit the game on level 1 of the Dungeon.
             The game lasted 00:01:18 (203 turns).

hashsling the Slasher (Barachi Berserker)            Turns: 203, Time: 00:01:18

Health: 19/31      AC:  2    Str: 20    XL:     3   Next: 2%
Magic:  3/3        EV: 12    Int:  7    God:    Trog [*.....]
Gold:   36         SH:  0    Dex: 11    Spells: 2/2 levels left

rFire   . . .        e - +2 short sword (drain)
rCold   . . .        (no shield)
rNeg    . . .        b - +0 animal skin
rPois   .            (no helmet)
rElec   .            (no cloak)
rCorr   .            (no gloves)
SInv    .            (no boots)
Will    .....        (no amulet)
Stlth   +            (no ring)
HPRegen 0.25/turn    (no ring)
MPRegen 0.08/turn

%: no passive effects
@: slow
A: amphibious, slowness 1, strong legs 1, +LOS
a: Hop, Renounce Religion, Berserk


You were on level 1 of the Dungeon.
You worshipped Trog.
Trog was aware of your devotion.
You visited 1 branch of the dungeon, and saw 1 of its levels.

You collected 36 gold pieces.

Inventory:

Hand Weapons
 a - a +0 falchion
 e - a +2 short sword of draining (weapon)
Missiles
 h - 5 poisoned darts
Armour
 b - a +0 animal skin (worn)
Scrolls
 c - 3 scrolls of vulnerability {unknown}
 d - a scroll of identify {unknown}
 f - a scroll of blinking {unknown}
Potions
 g - a potion of brilliance {unknown}
 i - 2 potions of haste {unknown}


   Skills:
 + Level 4.3 Fighting
 + Level 4.3 Long Blades
 - Level 2.4 Armour
 - Level 2.1 Dodging


You had 2 spell levels left.
You didn't know any spells.
Your spell library was empty.

Dungeon Overview and Level Annotations

Branches:
Dungeon (1/15)

Altars:


Innate Abilities, Weirdness & Mutations

You are amphibious.
You cover ground slowly.
You can hop short distances.
You have an extended range of vision and can be seen from far away.


Message History

The jackal barely misses you. The goblin closely misses you.
You hit the goblin.
You kill the goblin!
Trog accepts your kill. The jackal misses you.
You barely miss the jackal. The jackal closely misses you.
The jackal bites you.
You barely miss the jackal.
The jackal bites you but does no damage.
The jackal barely misses you. The jackal bites you. x2
You hit the jackal.
The jackal is heavily wounded.
The jackal barely misses you. The jackal bites you.
You closely miss the jackal.
The jackal is heavily wounded.
The jackal bites you. The jackal barely misses you.
The jackal attacks as you move away! The jackal barely misses you.
You hit the jackal.
You kill the jackal!
Trog accepts your kill.
You hit the jackal. You drain the jackal.
You kill the jackal!
Trog accepts your kill.
You hit the jackal but do no damage. You drain the jackal.
The jackal is moderately wounded.
The jackal bites you.
You hit the jackal.
You kill the jackal!
Trog accepts your kill.
You hit the goblin.
The goblin is severely wounded.
The goblin hits you but does no damage.
You hit the goblin.
You kill the goblin!
Trog accepts your kill.
You have reached level 3!
Your experience leads to an increase in your attributes!
Increase (S)trength, (I)ntelligence, or (D)exterity?
You feel stronger. x2
Are you sure you want to abandon this character and quit the game? (Confirm with "yes".)

#♣♣♣P ### ...PP ...###
... ...... .. P ...
......... ... ♣. ♣.♣
♣h.......####...
♣.P♣♣P.♣h.# .......##..
♣...♣♣.g# #......#...
♣.P♣.)### #..........
#.....@.#####..........
#######................
##.>......#..#...
#........#.##...
#♣#######.........
.............###..
♣######.##.####..
###..............
♣......##..♣♣....


There were no monsters in sight!

Vanquished Creatures
  A dart slug (D:1)
  2 endoplasms (D:1)
  A giant cockroach (D:1)
  3 goblins (D:1)
  2 hobgoblins (D:1)
  3 jackals (D:1)
  A kobold (D:1)
  A quokka (D:1)
  2 bats (D:1)
  A frilled lizard (D:1)
  2 rats (D:1)
19 creatures vanquished.

Notes
Turn   | Place    | Note
-------+----------+-------------------------------------------
     0 | D:1      | hashsling the Barachi Berserker began the quest for the
                  | Orb.
     0 | D:1      | Reached XP level 1. HP: 18/18 MP: 1/1
    78 | D:1      | Reached XP level 2. HP: 25/25 MP: 2/2
   203 | D:1      | Reached XP level 3. HP: 19/31 MP: 3/3
   203 | D:1      | Quit the game

Illustrated notes

Levels and vault maps discovered:
D:1:      grunt_arrival_lava_bath, layout_rooms, serial_forest,
          infiniplex_forest_3_way, infiniplex_forest_pool,
          infiniplex_forest_lined_ring, infiniplex_forest_diagonal,
          infiniplex_forest_lined_ring, infiniplex_forest_diagonal,
          infiniplex_forest_clump_tiny, infiniplex_forest_straight_4,
          infiniplex_forest_lined_room_2, kennysheep_small_spiral,
          minmay_pentomino_o2

Skill      XL: |  1  2 |
---------------+-------+-----
Fighting       | 4 |  4.3
Long Blades    | 4 |  4.3
Armour         | |  2.4
Dodging        | |  2.1

Action                     || total
---------------------------++-------
  Melee: Falchion          ||    10
         Short sword       ||    36
 Armour: Animal skin       ||     7
  Dodge: Dodged            ||    29

Table legend: (Time is in decaauts)
 A = Elapsed time spent in this place.
 B = Non-inter-level travel time spent in this place.
 C = Inter-level travel time spent in this place.
 D = Time resting spent in this place.
 E = Time spent auto-exploring this place.
 F = Levels seen in this place.
 G = Mean time per level.
                   A        B        C        D        E       F      G
               +--------+--------+--------+--------+--------+-----+--------+
         Total |    219 |    219 |      0 |      0 |    106 |   1 |  219.0 |
       Dungeon |    219 |    219 |      0 |      0 |    106 |   1 |  219.0 |
               +--------+--------+--------+--------+--------+-----+--------+

Top non-repeatable levels by time:
     D:1: 219 daAuts
